AoeStats
← bathi90dn

Nomad

508193693Analyzed
4v4 RM · 10d ago on Sep 21, 2026· 47m 21s· 8 players
Game mode
Random Map
Map size
231×231
Population
200
Speed
Normal
Resources
Standard
Victory
Conquest
Starting age
Dark Age
Ending age
Imperial Age
RankedLock teamsTeams togetherTeam positionsShared explorationLock speedFull tech treeHidden civsTurbo modeCheats
Victory
Defeat
🇦🇷 Spanish · Argentina
1884
+7
🇨🇳 Dravidians · China
1714
+13
🇨🇳 Magyars · China
1665
+15
🇨🇳 Hindustanis · China
1619
+16
🇨🇳 Georgians · China
1671
-14
🇨🇭 Persians · Switzerland
1656
-13
🇻🇳 Spanish · Vietnam
1647
-13
🇹🇼 Maya · Taiwan
1606
-11
Smiley
7:34 Loom
9:47 Loom
11:49 Feudal Age
13:07 Double-Bit Axe
13:24 Town Watch
15:26 Wheelbarrow
14:34 Horse Collar
19:15 Fletching
24:51 Man-at-Arms
27:40 Castle Age
26:21 Gold Mining
27:11 Padded Archer Armor
31:50 Elite Skirmisher
32:26 Bodkin Arrow
33:46 Leather Archer Armor
35:35 Scale Barding Armor
37:28 Hand Cart
36:59 Town Watch
39:06 Bloodlines
38:57 Husbandry
39:09 Thumb Ring
42:17 Chain Barding Armor
bathi90dn
4:40 Loom
13:21 Feudal Age
14:02 Double-Bit Axe
15:47 Fishing Lines
18:14 Castle Age
16:17 Stone Mining
16:55 Gold Mining
19:17 Bow Saw
19:48 Wheelbarrow
19:56 Padded Archer Armor
22:01 Horse Collar
23:09 Heavy Plow
31:17 Leather Archer Armor
32:59 Husbandry
33:10 Bloodlines
36:10 Imperial Age
33:40 Light Cavalry
35:55 Forging
35:50 Scale Barding Armor
36:13 Elite Conquistador
38:22 Ballistics
39:41 Conscription
45:21 Ring Archer Armor
tim.13
4:39 Loom
13:09 Feudal Age
18:10 Castle Age
16:23 Double-Bit Axe
19:33 Wheelbarrow
21:22 Medium Warships
23:45 Careening
25:31 Fishing Lines
26:09 Clinker Construction
28:44 Horse Collar
30:50 Gold Mining
31:26 Demolition Ship
32:49 Bow Saw
34:23 Stone Mining
44:41 Imperial Age
44:43 Hand Cart
44:14 Town Watch
44:58 Fletching
45:26 Svan Towers
鼠條
4:27 Loom
12:30 Feudal Age
13:28 Double-Bit Axe
16:23 Fletching
18:51 Wheelbarrow
22:21 Castle Age
20:45 Padded Archer Armor
22:25 Crossbowman
23:01 Bodkin Arrow
23:50 Leather Archer Armor
30:00 Hand Cart
32:42 Horse Collar
灰色的鱼
10:19 Loom
13:01 Feudal Age
18:29 Castle Age
17:23 Wheelbarrow
16:40 Gold Mining
16:39 Town Watch
17:30 Wheelbarrow
19:25 Double-Bit Axe
19:23 Horse Collar
21:15 Horse Collar
22:26 Bow Saw
29:47 Scale Mail Armor
32:24 Chain Mail Armor
33:05 Heavy Plow
33:44 Forging
37:27 Hand Cart
39:49 Imperial Age
37:27 Grand Trunk Road
38:03 Gold Shaft Mining
39:40 Scale Barding Armor
40:11 Iron Casting
39:28 Fletching
40:53 Conscription
41:31 Bloodlines
40:41 Heavy Camel Rider
41:23 Husbandry
41:47 Chain Barding Armor
42:45 Imperial Camel Rider
44:25 Plate Barding Armor
44:50 Blast Furnace
43:47 Bodkin Arrow
43:56 Stone Mining
45:54 Hoardings
44:48 Light Cavalry
46:27 Siege Engineers
46:33 Masonry
45:53 Hussar
Coriandrum sativum
10:30 Loom
13:01 Feudal Age
16:50 Castle Age
15:11 Fletching
15:33 Double-Bit Axe
16:32 Horse Collar
16:46 Gold Mining
17:29 Bodkin Arrow
21:50 Ballistics
28:24 Wheelbarrow
29:35 Bow Saw
30:03 Husbandry
30:18 Bloodlines
31:17 Padded Archer Armor
36:21 Imperial Age
36:51 Imperial Age
34:43 Scale Barding Armor
34:55 Hand Cart
36:11 Chain Barding Armor
36:58 Thumb Ring
37:10 Heavy Cavalry Archer
38:31 Recurve Bow
38:38 Bracer
39:45 Chemistry
40:13 Conscription
40:54 Parthian Tactics
40:41 Heavy Plow
42:45 Gold Shaft Mining
42:04 Stone Mining
43:30 Coinage
42:31 Elite Magyar Huszar
44:11 Plate Barding Armor
44:49 Leather Archer Armor
44:37 Corvinian Army
46:49 Coinage
mxkpro
5:18 Loom
11:54 Feudal Age
12:38 Double-Bit Axe
14:18 Town Watch
24:22 Castle Age
25:01 Forging
25:20 Medium Warships
24:50 Fishing Lines
28:48 Bow Saw
28:09 Demolition Ship
32:04 Wheelbarrow
33:30 Wheelbarrow
33:56 Gillnets
42:05 Imperial Age
40:35 Horse Collar
40:55 Pikeman
41:36 Squires
42:28 Clinker Construction
43:03 Scale Mail Armor
43:31 Conscription
43:15 Gold Mining
43:37 Halberdier
44:49 Chain Mail Armor
45:22 Fortified Wall
48:10 Hand Cart
qeozouwajqnl
12:09 Loom
14:15 Feudal Age
17:48 Castle Age
16:58 Double-Bit Axe
17:08 Gold Mining
18:41 Horse Collar
22:13 Padded Archer Armor
29:45 Wheelbarrow
31:21 Stone Mining
32:04 Town Watch
37:00 Imperial Age
35:29 Leather Archer Armor
36:31 Hand Cart
36:39 Husbandry
36:49 Bloodlines
37:41 Elite Conquistador
39:01 Ring Archer Armor
40:07 Heavy Plow
41:34 Conscription
41:41 Fletching
44:49 Bow Saw
47:38 Stone Shaft Mining
Connection lost

Rejoining the realm…

Still unreachable

The connection could not be restored.

Session expired

The server has moved on; the page needs a fresh start.